 Dungeon Crawl Stone Soup version 0.26-a0-712-ga5a9c9c9d0 (webtiles) character file.

Game seed: 9454109073969557710

70 kae the Ruffian (level 4, 0/38 HPs)
             Began as a Naga Transmuter on Nov 3, 2020.
             Slain by an adder (2 damage)
             ... on level 2 of the Dungeon.
             The game lasted 00:01:48 (2448 turns).

kae the Ruffian (Naga Transmuter)                   Turns: 2448, Time: 00:01:48

Health: 0/38       AC:  2    Str: 12 (14) XL:     4   Next: 22%
Magic:  7/7        EV:  9    Int: 11 (13) God:
Gold:   84         SH:  0    Dex:  9 (11) Spells: 3/7 levels left

rFire    . . .     SeeInvis +     - Unarmed
rCold    . . .     Faith    .   (no shield)
rNeg     . . .     Spirit   .   a - +0 robe
rPois    +         Reflect  .   (no helmet)
rElec    .         Harm     .   (no cloak)
rCorr    .         Rampage  .   (no gloves)
MR       .....                  (no barding)
Stlth    +.........             (no amulet)
HPRegen  0.12/turn              (no ring)
MPRegen  0.10/turn              (no ring)

@: lethally poisoned (0 -> -2), short of breath, drained, very slow
A: large, see invisible, deformed body, poison resistance, screaming 1, slowness
2, spit poison 1, evolution 1, MP-powered wands, AC +1
a: Spit Poison


You were on level 2 of the Dungeon.
You visited 1 branch of the dungeon, and saw 2 of its levels.

You collected 84 gold pieces.

Inventory:

Armour
 a - a +0 robe (worn)
Jewellery
 f - an uncursed ring of positive energy {unknown}
Scrolls
 b - a scroll of amnesia {unknown}
 d - a scroll of teleportation {unknown}
 e - 2 scrolls of identify {unknown}


   Skills:
 - Level 1.0(0.1) Fighting
 - Level 1.5(0.6) Dodging
 + Level 3.6(2.6) Unarmed Combat
 - Level 2.0(1.0) Spellcasting
 * Level 3.4(2.5) Transmutations
 * Level 1.7(0.8) Poison Magic


You had 3 spell levels left.
You knew the following spells:

 Your Spells              Type           Power        Failure   Level
a - Beastly Appendage     Tmut           #.....       12%         1
b - Spider Form           Tmut/Pois      #.........   43%         3

Your spell library contained the following spells:

 Spells                   Type           Power        Failure   Level
 Wereblood                Tmut           #.......     17%         2
 Ice Form                 Ice/Tmut       #.......     88%         4
 Blade Hands              Tmut           #.........   97%         5


Dungeon Overview and Level Annotations

Branches:
Dungeon (2/15)

Altars:


Innate Abilities, Weirdness & Mutations

You cannot wear boots.
Your serpentine skin is tough. (AC +1)
You have supernaturally acute eyesight. (SInv)
Armour fits poorly on your strangely shaped body.
Your system is resistant to poisons. (rPois)
You cover ground very slowly.
You can spit poison.
You occasionally shout uncontrollably at your foes.
You evolve.
You expend magic power (3 MP) to strengthen your wands.


Message History

Firing (i - inventory) No suitable missiles.
Press: ? - help, Shift-Dir - straight line, f/p - adder
Aim: an adder
Okay, then.
Press: ? - help, Shift-Dir - straight line, f/p - adder
Aim: an adder The splash of poison hits the adder.
The adder is lightly wounded.
You feel sick. The bat hits you.
* * * LOW HITPOINT WARNING * * *
The adder bites you.
* * * LOW HITPOINT WARNING * * *
You hit the adder.
The adder is moderately wounded.
The bat closely misses you. The adder barely misses you.
The adder bites you but does no damage.
You hit the adder.
The adder is heavily wounded.
The bat hits you but does no damage. The adder bites you.
You die...

........## #..............>.
........#########................
.....#............#...#...>......
.##..............#######.........
.####............# #......... .
##.............# #..[......
##..#...........#######.........
##..(............................
.......).......b@S.....#.........
..#..#).........##.###.######.###
....##.........##...##..# ##.#
...............#.=...##..###..#
.....##.#...####.....#.#.....##
..........#....#.....#..##....#
.###..........###...##...#....#
.# ..........##.....#........# ##
...........#.....#........##


You could see an adder and a bat.

Vanquished Creatures
  An adder (D:2)
  A gnoll (D:1)
  A dart slug (D:1)
  6 giant cockroaches
  6 goblins
  2 hobgoblins
  10 jackals
  8 kobolds
  7 bats
  A frilled lizard (D:1)
  4 rats
47 creatures vanquished.

Notes
Turn   | Place    | Note
-------+----------+-------------------------------------------
     0 | D:1      | kae the Naga Transmuter began the quest for the Orb.
     0 | D:1      | Reached XP level 1. HP: 18/18 MP: 3/3
   271 | D:1      | Reached XP level 2. HP: 21/25 MP: 3/5
   838 | D:1      | Reached XP level 3. HP: 18/31 MP: 4/6
   843 | D:1      | Learned a level 3 spell: Spider Form
  1503 | D:2      | Reached skill level 1 in Poison Magic
  1947 | D:2      | Reached XP level 4. HP: 31/38 MP: 5/7
  2444 | D:2      | Gained mutation: You evolve. [potion of mutation]
  2444 | D:2      | Gained mutation: You occasionally shout uncontrollably at
                  | your foes. [potion of mutation]
  2444 | D:2      | Gained mutation: You expend magic power (3 MP) to
                  | strengthen your wands. [potion of mutation]
  2448 | D:2      | Slain by an adder

Illustrated notes

Levels and vault maps discovered:
D:1:      dpeg_arrival_windows_large_door, layout_basic, minmay_tromino_v4_a
D:2:      layout_rooms, marbit_many_paths

Skill      XL: |  1  2  3 |
---------------+----------+-----
Transmutations | 3 |  3.4
Poison Magic   | 1 |  1.7
Fighting       | |  1.0
Dodging        | |  1.5
Unarmed Combat | |  3.6
Spellcasting   | |  2.0

Action                   |  1- 3 |  4- 6 || total
-------------------------+-------+-------++-------
Melee: Unarmed           |   133 |    27 ||   160
       Headbutt          |    10 |     1 ||    11
       Punch             |     1 |       ||     1
 Cast: Beastly Appendage |    23 |     4 ||    27
 Abil: Spit Poison       |    10 |     4 ||    14
  Use: Potion            |     3 |     2 ||     5
Armor: Robe              |    38 |    16 ||    54
Dodge: Dodged            |   108 |    25 ||   133

Table legend: (Time is in decaauts)
 A = Elapsed time spent in this place.
 B = Non-inter-level travel time spent in this place.
 C = Inter-level travel time spent in this place.
 D = Time resting spent in this place.
 E = Time spent auto-exploring this place.
 F = Levels seen in this place.
 G = Mean time per level.
                   A        B        C        D        E       F      G
               +--------+--------+--------+--------+--------+-----+--------+
         Total |   2697 |   2680 |     17 |    791 |   1510 |   2 | 1348.5 |
       Dungeon |   2697 |   2680 |     17 |    791 |   1510 |   2 | 1348.5 |
               +--------+--------+--------+--------+--------+-----+--------+

Top non-repeatable levels by time:
     D:1: 2071 daAuts
     D:2: 626 daAuts
